 Dungeon Crawl Stone Soup version 0.28.0-53-g5a82cb258f (webtiles) character file.

Game seed: 10143337104516418927

87 cbfl8 the Chopper (level 4, -1/61 HPs)
             Began as a Minotaur Berserker on Nov 9, 2022.
             Was a Believer of Trog.
             Slain by an ogre
             ... wielding a +0 giant club
              (25 damage)
             ... on level 4 of the Dungeon.
             The game lasted 00:02:41 (2718 turns).

cbfl8 the Chopper (Minotaur Berserker)              Turns: 2718, Time: 00:02:42

Health: -1/61      AC:  6    Str: 28    XL:     4   Next: 28%
Magic:  3/3        EV: 11    Int:  4    God:    Trog [**....]
Gold:   194        SH:  0    Dex: 11    Spells: 3/3 levels left

rFire   . . .      SeeInvis .   a - +0 hand axe
rCold   + . .      Faith    .   (no shield)
rNeg    . . .      Spirit   .   f - +0 ring mail
rPois   .          Reflect  .   (helmet restricted)
rElec   .          Harm     .   (no cloak)
rCorr   .          Rampage  .   (no gloves)
Will    .....                   m - +0 pair of boots
Stlth   ..........              k - amulet of the acrobat
HPRegen 0.20/turn               d - +6 ring of strength
MPRegen 0.08/turn               g - ring of protection from cold

@: berserking, very quick
A: horns 2, retaliatory headbutt
a: Renounce Religion, Berserk, Trog's Hand


You were on level 4 of the Dungeon.
You worshipped Trog.
Trog was pleased with you.
You visited 1 branch of the dungeon, and saw 4 of its levels.

You collected 194 gold pieces.

Inventory:

Hand Weapons
 a - a +0 hand axe (weapon)
Armour
 f - a +0 ring mail (worn)
 m - a +0 pair of boots (worn)
Jewellery
 b - a ring of ice
 d - a +6 ring of strength (left hand)
 g - a ring of protection from cold (right hand)
 k - an amulet of the acrobat (around neck)
Scrolls
 e - 2 scrolls of blinking {unknown}
 h - 3 scrolls of identify {unknown}
Potions
 c - a potion of ambrosia {unknown}
 i - a potion of curing {unknown}
 j - a potion of mutation {unknown}
 l - a potion of heal wounds {unknown}
 n - 2 potions of brilliance {unknown}


   Skills:
 * Level 4.6 Fighting
 * Level 4.8 Axes
 + Level 3.0 Armour
 * Level 2.7 Dodging


You had 3 spell levels left.
You didn't know any spells.
Your spell library was empty.

Dungeon Overview and Level Annotations

Branches:
Dungeon (4/15)
 Temple: D:4-7

Altars:


Innate Abilities, Weirdness & Mutations

You have a pair of horns on your head.
You reflexively headbutt those who attack you in melee.


Message History

Done exploring.
No target in view!
Search for what [Enter for "."]?
You see here a +0 pair of boots.
m - a +0 pair of boots You start putting on your armour.
You continue putting on your +0 pair of boots. x4
You finish putting on your +0 pair of boots.
You start putting on your amulet.
You continue putting on your amulet of the acrobat. x5
You finish putting on your amulet of the acrobat.
You feel ready to tumble and roll out of harm's way.
k - an amulet of the acrobat (around neck)
There is a stone staircase leading down here.
You climb downwards.
There is a stone staircase leading up here.
Found a stone staircase leading down.
No target in view!
Found a robe.
You now have 168 gold pieces (gained 18).
No target in view!
You now have 194 gold pieces (gained 26).
n - 2 dark potions No target in view!
An ogre comes into view. It is wielding a +0 giant club.
The ogre shouts!
An ogre is nearby!
An ogre is nearby!
The ogre completely misses you.
You hit the ogre.
The ogre is lightly wounded.
A quokka comes into view.
You completely miss the ogre.
The ogre is lightly wounded.
The ogre hits you with a +0 giant club!!
Ouch! That really hurt!
A red film seems to cover your vision as you go berserk!
You feel yourself moving faster!
You feel mighty!
The ogre hits you with a +0 giant club!!
You die...

#.# ######.### #..
.....
#.####.######.###
####.##.............
#.......####.#######
#.##.#### #.# #.#
#.# #@# #.# #O#
##.##
#r######...#######
#........>.....[..
...#####...######.
..#.######.##
.......<...#
..#.########


You could see an ogre and a quokka.

Vanquished Creatures
  2 adders
  A worm (D:3)
  A dart slug (D:1)
  An orc (D:3)
  4 endoplasms
  3 giant cockroaches
  8 goblins
  4 hobgoblins
  9 jackals
  6 kobolds
  3 quokkas
  3 ball pythons
  5 bats
  3 frilled lizards
  4 rats
57 creatures vanquished.

Vanquished Creatures (others)
  7 plants (D:2)
7 creatures vanquished.

Grand Total: 64 creatures vanquished

Notes
Turn   | Place    | Note
-------+----------+-------------------------------------------
     0 | D:1      | cbfl8 the Minotaur Berserker began the quest for the Orb.
     0 | D:1      | Reached XP level 1. HP: 19/19 MP: 0/0
   283 | D:1      | Reached XP level 2. HP: 27/27 MP: 1/1
   642 | D:1      | Reached ** piety under Trog
   822 | D:2      | Reached XP level 3. HP: 29/33 MP: 2/2
   839 | D:2      | Identified the +9 dagger "Yryud" {flame, rC+}
  1506 | D:2      | Found a faded altar of an unknown god.
  1751 | D:3      | Reached XP level 4. HP: 29/41 MP: 3/3
  2712 | D:4      | Noticed an ogre
  2718 | D:4      | Slain by an ogre

Illustrated notes

Levels and vault maps discovered:
D:1:      shiori_arrival_maze, layout_rooms, hangedman_abyss_or_decor_stabs,
          hangedman_decor_clover_reticule
D:2:      layout_loops_ring, dilly_ecumenical_altar_fadedgnrine
D:3:      layout_loops_ring
D:4:      layout_loops_ring, minmay_misc_feat_chi, uniq_eustachio

Skill      XL: |  1  2  3  4 |
---------------+-------------+-----
Axes           | 4 |  4.8
Fighting       | 4 |  4.6
Armour         | 3 |  3.0
Dodging        | |  2.7

Action                   |  1- 3 |  4- 6 || total
-------------------------+-------+-------++-------
Melee: Hand axe          |   103 |    22 ||   125
       Headbutt          |    12 |     2 ||    14
       Punch             |     2 |       ||     2
Invok: Berserk           |     1 |     1 ||     2
Armor: Animal skin       |     3 |       ||     3
       Ring mail         |    25 |     8 ||    33
Dodge: Dodged            |    59 |    15 ||    74
